 Dungeon Crawl Stone Soup version 0.29.1-1-gd02db6906a (webtiles) character file.

Game seed: 8420012359326795616

41672 croobank the Spry (level 13, 0/69 HPs)
             Began as a Felid Summoner on Sept 16, 2022.
             Was an Initiate of Gozag.
             Killed by an exploding themself (20 damage)
             ... ignited by their inner flame
             ... on level 3 of the Spider Nest.
             The game lasted 05:23:16 (39975 turns).

croobank the Spry (Felid Summoner)                 Turns: 39975, Time: 05:23:16

Health: 0/69       AC: 11    Str:  4    XL:     13   Next: 81%
Magic:  25/28      EV: 30    Int: 25    God:    Gozag
Gold:   1941       SH:  0    Dex: 16    Spells: 0/32 levels left
                                        Lives:  0   Deaths: 2

rFire   . . .      SeeInvis +   (weapon unavailable)
rCold   + . .      Faith    .   (shield unavailable)
rNeg    . . .      Spirit   .   (body armour unavailable)
rPois   .          Reflect  .   (helmet unavailable)
rElec   .          Harm     .   (cloak unavailable)
rCorr   .          Rampage  .   (gloves unavailable)
Will    +....                   (boots unavailable)
Stlth   ++........              B - amulet of magic regeneration
HPRegen 0.21/turn               N - +4 ring of protection
MPRegen 0.61/turn               o - +4 ring of protection

@: gold aura, quick
A: very small, claws 1, fangs 3, see invisible, speed 1, shaggy fur 3, stealthy
paws, no weapons or thrown items, no armour, multi-lived
a: Renounce Religion, Potion Petition, Call Merchant, Bribe Branch


You were on level 3 of the Spider Nest.
You worshipped Gozag.
Gozag was most pleased with you.
You visited 7 branches of the dungeon, and saw 27 of its levels.
You also visited: Sewer.

You collected 7763 gold pieces.
You spent 988 gold pieces at shops.
You paid 4834 gold pieces to Gozag.

Inventory:

Jewellery
 g - an amulet of guardian spirit
 i - a ring of fire
 o - a +4 ring of protection (right paw)
 v - a +4 ring of slaying
 z - a ring of positive energy
 A - a ring of fire
 B - an amulet of magic regeneration (around neck)
 D - a ring of resist corrosion
 E - an amulet of magic regeneration
 I - a ring of ice
 N - a +4 ring of protection (left paw)
Wands
 r - a wand of roots (1)
 w - a wand of digging (4)
 x - a wand of flame (19)
 y - a wand of charming (12)
 F - a wand of polymorph (4)
Scrolls
 b - 2 scrolls of immolation
 c - 2 scrolls of teleportation
 d - a scroll of poison
 k - 3 scrolls of fog
 m - a scroll of fear
 p - 2 scrolls of amnesia
 t - 5 scrolls of magic mapping
 G - 4 scrolls of identify
 L - a scroll of torment
Potions
 a - 3 potions of degeneration
 e - 9 potions of flight
 f - 3 potions of attraction
 h - 2 potions of curing
 j - 14 potions of might
 l - 3 potions of brilliance
 n - 3 potions of mutation
 q - a potion of berserk rage
 J - 2 potions of resistance
 K - a potion of magic
Miscellaneous
 M - a phantom mirror (inert)


   Skills:
 - Level 15.0 Fighting
 - Level 19.0 Dodging
 - Level 3.3 Stealth
 - Level 10.0 Spellcasting
 - Level 10.0 Hexes
 - Level 10.0 Summonings
 - Level 3.3 Translocations
 + Level 6.8 Transmutations
 + Level 9.1 Air Magic


You couldn't memorise any spells.
You knew the following spells:

 Your Spells              Type           Power      Damage    Failure   Level
a - Summon Small Mammal   Summ           100%       N/A       1%          1
b - Call Imp              Summ           58%        N/A       1%          2
c - Call Canine Familiar  Summ           58%        N/A       1%          3
d - Summon Guardian Gole  Hex/Summ       58%        N/A       1%          3
e - Summon Lightning Spi  Summ/Air       57%        N/A       1%          4
f - Teleport Other        Tloc           29%        N/A       3%          3
g - Apportation           Tloc           58%        N/A       1%          1
h - Summon Mana Viper     Hex/Summ       58%        N/A       2%          5
i - Summon Ice Beast      Ice/Summ       37%        N/A       6%          4
j - Storm Form            Tmut/Air       25%        N/A       85%         7

Your spell library contained the following spells:

 Spells                   Type           Power      Damage    Failure   Level
 Shock                    Conj/Air       100%       1d9       1%          1
 Blink                    Tloc           58%        N/A       1%          2
 Silence                  Hex/Air        28%        N/A       2%          5
 Gell's Gravitas          Tloc           29%        N/A       3%          3
 Freeze                   Ice            48%        1d7       4%          1
 Necrotise                Necr           48%        1d6       4%          1
 Leda's Liquefaction      Hex/Erth       18%        N/A       6%          4
 Frozen Ramparts          Ice            24%        1d4       14%         3
 Vampiric Draining        Necr           12%        2d6       14%         3
 Manifold Assault         Tloc           29%        N/A       34%         5
 Hailstorm                Conj/Ice       12%        3d5       43%         4
 Monstrous Menagerie      Summ           29%        N/A       56%         7
 Conjure Ball Lightning   Conj/Air       17%        3x3d6     75%         6
 Agony                    Necr           12%        N/A       80%         5
 Borgnjor's Vile Clutch   Necr/Erth      6%         N/A       80%         5
 Fireball                 Conj/Fire      6%         3d5       80%         5
 Dispersal                Tloc           14%        N/A       88%         6
 Discord                  Hex            29%        N/A       99%         8
 Death Channel            Necr           6%         N/A       100%        6
 Disjunction              Tloc           14%        N/A       100%        8
 Ignition                 Fire           6%         3d4       100%        8
 Portal Projectile        Hex/Tloc       Unusable   N/A       N/A         3
 Animate Dead             Necr           Unusable   N/A       N/A         4

Dungeon Overview and Level Annotations

Branches:
Dungeon (14/15) Temple (1/1) D:5 Lair (5/5) D:10 Swamp (1/4) Lair:2 Spider (3/4) Lair:3 Slime (0/5) Lair:4 Orc (2/2) D:11 Elf (1/3) Orc:2 Vaults (0/5) D:13 D:14 Sewer (visited)

Altars:
Ashenzari
Cheibriados
Dithmenos
Elyvilon
Fedhas
Gozag
Hepliaklqana
Kikubaaqudgha
Makhleb
Nemelex Xobeh
Okawaru
Qazlal
Ru
Sif Muna
Trog
Uskayaw
Vehumet
Wu Jian
Xom
Yredelemnul
Zin
The Shining One

Shops:
D:8 [   Orc:1 *   Orc:2 :([:(=   Lair:1 *   Lair:3 *   Lair:5 :

Annotations:
D:8 2 transporters, TheUltimateLifeform's ghost, novice HOFi
Swamp:1 2 transporters, ChiefBigBeans's ghost, journeyman MiHu
Spider:3 Donald
Orc:1 1 runed translucent door, liarliar's ghost, journeyman GnMo


Innate Abilities, Weirdness & Mutations

You have sharp claws.
You have razor-sharp teeth.
You have supernaturally acute eyesight. (SInv)
You cover ground quickly. (Speed+)
Your thick and shaggy fur keeps you warm. (AC +3, rC+)
Your paws help you pounce on unaware monsters.
You are incapable of wielding weapons or throwing items.
You cannot wear armour.
You gain extra lives every three experience levels.


Message History

Donald gestures wildly while chanting.
Donald seems to grow stronger.
A redback comes into view.
Donald hits the redback with a +0 eveningstar!!
The redback dies!
Donald completely misses you.
A redback comes into view.
Donald attacks as you move away! Donald hits you with a +0 eveningstar!!
* * * LOW HITPOINT WARNING * * *
2 redbacks come into view.
You swap places.
A redback comes into view.
Donald hits your guardian golem with a +0 eveningstar!!
Okay, then.
Okay, then.
Okay, then.
Okay, then.
Casting: Summon Guardian Golem (safe; 1% risk of failure)
Confirm with . or Enter, or press ? or * to list all spells.
Okay, then.
Okay, then.
Okay, then.
Okay, then.
You're wearing all the rings you can.
Remove which one? (? for menu, Esc to cancel) < or
N - a +4 ring of protection; > or
i - a ring of fire You remove your ring of fire.
Donald says, "I bet you have to pay people to get friends."
Donald hits your guardian golem with a +0 eveningstar!!
Donald blocks Donald's attack.
Your guardian golem overheats!
o - a +4 ring of protection (right paw) Donald blocks the tarantella's attack.
The redback completely misses you.
A redback comes into view.
Donald hits your guardian golem with a +0 eveningstar!!!
Your guardian golem disappears in a puff of smoke!
Your guardian golem explodes!
The fiery explosion engulfs Donald!!
The fiery explosion engulfs you!!
You die...
Your body crumbles into a pile of gold.

....##..^...#....#.#...*
,,#.#.##..###.#.#.##.##*
,,#.##.#..#..##.#.....#*
,#.#....#..#...^#<..#..#
*#w..#....#.#)..#s##..##* ***
,#.#.#..#....<##@##,#...#******,^
...#..#....B.##§@##..#.##*,*,***,
.#.#y#...#.#.#^#§§....s.#,,*,,,**
.^.......#.##.s§@§.#.#..^*,,,,#**
*.#.#^#.....s##s####,,,*,,,*,##.*
.,.s.##.#.#.#^ss*,,**,,,*,*^.....
,.##.,.#s..#.#s#,*,,,**,,,,,#..#^
,*,*,,,,*#..*#s*,,,,,*,,,,,*,*#..
,^,,,**,*..,*..s^,**,,,,**,,,,,#s
**,^*,,,,#*,.#.,*,,**,***,*,*#..#
,,***,,,*,,*.,**^*,,,,* **>,**,#^
,.)*,^,*,*^#.*,,*,,,*,*****,,*,#.


You could see an emperor scorpion, Donald (fast, strong, ally target,
reflecting), a tarantella, 7 redbacks and the friendly Donald (summoned, fast,
strong, sheltered, drained, reflecting).

Vanquished Creatures
  A hydra (Lair:5)
  Sonja (Orc:1)
  A deep elf zephyrmancer (Orc:2)
  An ugly thing (D:11)
  A slime creature (D:11)
  3 blink frogs
  A jumping spider (Spider:2)
  A yak (Lair:3)
  A redback (Spider:2)
  A wolf (Lair:2)
  4 ogres
  A bullfrog (Lair:1)
  2 electric eels
  An orc wizard (D:6)
  6 orcs
  A ball python (Sewer)
  A giant cockroach (D:1)
  A kobold (D:1)
  2 quokkas
  A bat (D:1)
  A frilled lizard (D:1)
  3 goblins
  2 rats
38 creatures vanquished.

Vanquished Creatures (collateral kills)
  Rupert (Lair:4)
  Gastronok (Lair:1)
  An emperor scorpion (Spider:2)
  A ghost moth (Spider:2)
  Louise (Spider:1)
  A dire elephant (Lair:5)
  An eleionoma (Swamp:1)
  An entropy weaver (Spider:2)
  An ettin (Orc:2)
  A fire dragon (Lair:5)
  3 hydras
  3 ogre magi (Orc:2)
  A boulder beetle (Lair:3)
  A catoblepas (Lair:5)
  Erica (D:11)
  8 two-headed ogres (Orc:2)
  A death yak (Lair:2)
  Nergalle (Lair:1)
  A pharaoh ant (Spider:2)
  Lodul (D:10)
  4 steelbarb worms
  A swamp dragon (Lair:5)
  A lindwurm (Lair:5)
  3 deep elf pyromancers
  A necromancer (Lair:2)
  6 wolf spiders
  2 orc sorcerers
  An ugly thing (D:11)
  2 manticores
  5 elephants
  2 cyclopes
  Joseph (D:9)
  6 black mambas
  6 cane toads
  3 torpor snails
  2 demonic crawlers (Spider:1)
  6 komodo dragons
  An unseen horror (D:12)
  5 rime drakes
  Maggie (D:6)
  A tyrant leech (Lair:2)
  3 trolls
  A polar bear (Lair:3)
  4 tarantellas (Spider:2)
  3 dream sheep (Lair:1)
  3 blink frogs (Lair:3)
  3 slime creatures (D:11)
  Sigmund (D:5)
  11 jumping spiders
  A spriggan (Swamp:1)
  3 shadows
  A wraith (D:12)
  5 culicivoras (Spider:2)
  29 yaks
  A vampire (D:9)
  6 wyverns
  6 humans (D:13)
  3 basilisks (Lair:5)
  A nameless horror (Orc:2)
  3 steam dragons
  3 vampire mosquitoes
  18 redbacks
  A warg (Orc:2)
  2 swamp worms (Swamp:1)
  2 acid dragons
  10 water moccasins
  2 swamp drakes (Lair:5)
  8 orc warriors
  17 ogres
  5 wolves
  2 kobold brigands (Sewer)
  10 bullfrogs
  2 necrophages
  A gnoll sergeant (D:12)
  5 scorpions
  2 killer bees (D:7)
  7 howler monkeys
  A hound (D:6)
  2 gnoll boudas
  6 orc priests
  5 iguanas
  12 orc wizards
  2 scorpion zombies (D:4)
  2 polar bear simulacra (Lair:2)
  A statue (D:13)
  4 wolf simulacra (Lair:2)
  14 gnolls
  10 adders
  2 river rats (Sewer)
  3 shadow imps
  3 white imps
  2 ufetubi (D:5)
  2 worms
  2 dart slugs (D:1)
  46 orcs
  8 ball pythons
  9 endoplasms
  2 giant cockroaches
  6 goblins
  6 hobgoblins
  10 jackals
  4 quokkas
  7 bats
  6 frilled lizards
  14 kobolds
  11 rats
  2 river rat simulacra (Lair:2)
480 creatures vanquished.

Vanquished Creatures (others)
  Fannar (D:11)
  A boulder beetle (Spider:2)
  5 hydras
  An ogre mage (Orc:2)
  4 two-headed ogres
  Urug (D:11)
  2 pharaoh ants
  4 elephants
  3 manticores
  2 black mambas (Lair:5)
  2 torpor snails
  2 cane toads (Lair:5)
  A demonic crawler (Spider:2)
  4 komodo dragons
  An unseen horror (D:13)
  2 rime drakes
  A troll (D:11)
  2 ice devils (D:12)
  A bloated husk (Swamp:1)
  2 tyrant leeches (Lair:2)
  3 tarantellas (Spider:2)
  2 culicivoras (Spider:2)
  A dream sheep (Lair:5)
  A wraith (D:10)
  3 jumping spiders (Spider:2)
  A wyvern (Lair:4)
  17 yaks
  A steam dragon (Lair:5)
  Grum (D:10)
  4 redbacks (Spider:2)
  3 vampire mosquitoes
  Menkaure (D:6)
  An acid dragon (D:5)
  A swamp worm (Lair:2)
  3 water moccasins
  3 orc warriors
  2 ice beasts
  9 ogres
  9 wolves
  A centaur (D:10)
  2 kobold brigands
  A necrophage (D:5)
  A bullfrog (Lair:2)
  4 wights (D:9)
  6 killer bees
  An orc priest (D:12)
  5 iguanas
  2 orc wizards
  A polar bear simulacrum (Lair:2)
  A yak simulacrum (Lair:2)
  A wolf simulacrum (Lair:2)
  2 gnolls
  A river rat (Sewer)
  A white imp (D:5)
  2 orcs (Orc:2)
  34 fungi
  68 plants
242 creatures vanquished.

Grand Total: 760 creatures vanquished

Notes
Turn   | Place    | Note
-------+----------+-------------------------------------------
     0 | D:1      | croobank the Felid Summoner began the quest for the Orb.
     0 | D:1      | Reached XP level 1. HP: 7/7 MP: 4/4
   533 | D:1      | Reached skill level 3 in Dodging
   543 | D:1      | Reached XP level 2. HP: 11/11 MP: 3/6
   550 | D:1      | Learned a level 2 spell: Call Imp
  1373 | D:2      | Reached XP level 3. HP: 6/14 MP: 2/7
  1691 | D:2      | Learned a level 3 spell: Call Canine Familiar
  2527 | D:2      | Reached skill level 1 in Fighting
  2644 | D:2      | Reached XP level 4. HP: 19/19 MP: 4/8
  3093 | D:3      | Reached skill level 4 in Dodging
  3174 | D:3      | Found a burning altar of Makhleb.
  3731 | D:3      | Found an ornate altar of the Wu Jian Council.
  3739 | D:3      | Reached XP level 5. HP: 22/22 MP: 5/10
  3849 | D:3      | Found a sparkling altar of Nemelex Xobeh.
  4267 | D:4      | Reached skill level 5 in Summonings
  4267 | D:4      | Gained mutation: You are covered in thick fur. (AC +2)
                  | [Felid growth]
  4267 | D:4      | Reached XP level 6. HP: 26/26 MP: 6/12
  4340 | D:4      | Learned a level 3 spell: Summon Guardian Golem
  4376 | D:4      | Identified the +5 plate armour "Gikker" {Rampage rCorr}
  4620 | D:4      | Reached skill level 5 in Dodging
  4620 | D:4      | Reached skill level 1 in Hexes
  5107 | D:4      | Found a basalt altar of Yredelemnul.
  5452 | D:4      | Reached XP level 7. HP: 31/31 MP: 3/13
  5823 | D:5      | Entered Level 5 of the Dungeon
  6250 | D:5      | Found a staircase to the Ecumenical Temple.
  6259 | Temple   | Entered the Ecumenical Temple
  6310 | Temple   | Became a worshipper of Gozag Ym Sagoz the Greedy
  6665 | D:5      | Identified the +8 sling "Haoty" {speed, rPois Dex+3 Stlth+}
  6678 | D:5      | Reached skill level 6 in Dodging
  6770 | D:5      | Reached XP level 8. HP: 36/36 MP: 7/15
  7224 | D:5      | Noticed Sigmund
  7238 | D:5      | Killed Sigmund
  7239 | D:5      | Reached skill level 5 in Hexes
  7295 | D:5      | Found a faded altar of an unknown god.
  7296 | D:5      | Found a hazy altar of Hepliaklqana.
  7372 | D:6      | Found a glowing drain.
  7385 | Sewer    | Entered a sewer
  7922 | Sewer    | Reached skill level 7 in Dodging
  7972 | Sewer    | Reached skill level 5 in Spellcasting
  7977 | Sewer    | Learned a level 4 spell: Summon Lightning Spire
  9417 | D:6      | Reached skill level 5 in Fighting
  9417 | D:6      | Reached skill level 1 in Air Magic
  9544 | D:6      | Noticed Menkaure
  9559 | D:6      | Killed Menkaure
  9780 | D:6      | Reached XP level 9. HP: 40/40 MP: 12/18
  9899 | D:6      | Found a snail-covered altar of Cheibriados.
  9968 | D:6      | Noticed Maggie
  9995 | D:6      | Killed Maggie
 10189 | D:6      | Reached skill level 8 in Dodging
 10958 | D:7      | Found a hide-covered altar of Uskayaw.
 11863 | D:7      | Found a sacrificial altar of Ru.
 12138 | D:8      | Found a transporter.
 12138 | D:8      | Noticed TheUltimateLifeform's ghost (novice HOFi)
 12550 | D:8      | Found a transporter.
 13266 | D:8      | Found Vetogreumi's Antique Armour Shoppe.
 13385 | D:9      | Noticed Joseph
 13396 | D:9      | Killed Joseph
 13397 | D:9      | Reached skill level 9 in Dodging
 13425 | D:9      | HP: 2/41 [vampire (2)]
 13824 | D:10     | Entered Level 10 of the Dungeon
 13868 | D:10     | Reached XP level 10. HP: 46/46 MP: 6/20
 13886 | D:10     | Noticed Lodul
 13899 | D:10     | Killed Lodul
 14300 | D:10     | Found a staircase to the Lair.
 14348 | D:10     | Identified the +4 dagger "Qolites" {speed, Drain +Blink
                  | Will++ rCorr}
 14825 | D:10     | Got the Enchiridion on Conflagration and the Brume
 14961 | D:10     | Noticed Grum
 14991 | D:10     | Killed Grum
 15268 | D:11     | Noticed a red ugly thing
 15277 | D:11     | Killed a red ugly thing
 15278 | D:11     | Reached skill level 10 in Dodging
 15374 | D:11     | Noticed Fannar
 15385 | D:10     | Learned a level 3 spell: Teleport Other
 15449 | D:9      | Noticed a two-headed ogre
 15490 | D:9      | Killed a two-headed ogre
 15491 | D:9      | Reached skill level 5 in Air Magic
 15894 | D:9      | Found a shimmering altar of Xom.
 16286 | D:11     | Reached XP level 11. HP: 42/50 MP: 18/23
 16311 | D:11     | Noticed Urug
 16313 | D:11     | Noticed a purple ugly thing
 16331 | D:11     | Killed Urug
 16339 | D:11     | Killed a purple ugly thing
 16677 | Lair:1   | Entered Level 1 of the Lair of Beasts
 16710 | Lair:1   | Reached skill level 11 in Dodging
 16794 | Lair:1   | Noticed Gastronok
 16827 | Lair:1   | Killed Gastronok
 17035 | Lair:1   | Noticed Nergalle
 17044 | Lair:1   | Killed Nergalle
 18126 | Lair:2   | Found a gate leading to a gauntlet.
 18165 | Lair:2   | Gained mutation: Your thick and shaggy fur keeps you warm.
                  | (AC +3, rC+) [Felid growth]
 18165 | Lair:2   | Reached XP level 12. HP: 50/56 MP: 3/25
 18215 | Lair:2   | Reached skill level 12 in Dodging
 18426 | Lair:2   | Reached skill level 10 in Summonings
 18612 | Lair:2   | Noticed an eight-headed hydra
 18622 | Lair:2   | Killed an eight-headed hydra
 18845 | Lair:2   | Noticed an eight-headed hydra
 18856 | Lair:2   | Killed an eight-headed hydra
 19223 | Lair:2   | Noticed a death yak
 19226 | Lair:2   | Reached skill level 13 in Dodging
 19238 | Lair:2   | Killed a death yak
 19261 | Lair:2   | Reached skill level 10 in Fighting
 19867 | Lair:2   | Found a staircase to the Swamp.
 20671 | Lair:3   | Found a hole to the Spider Nest.
 20870 | Lair:3   | Noticed a boulder beetle
 20880 | Lair:3   | Killed a boulder beetle
 20881 | Lair:3   | Reached skill level 10 in Spellcasting
 21034 | Lair:3   | Bought a potion of might for 56 gold pieces
 21169 | Lair:3   | Reached skill level 14 in Dodging
 21210 | Lair:3   | Reached XP level 13. HP: 46/63 MP: 12/28
 21939 | Lair:4   | Noticed Rupert
 21977 | Lair:4   | Killed Rupert
 22240 | Lair:4   | Reached skill level 15 in Dodging
 22362 | Lair:4   | Found a staircase to the Slime Pits.
 22751 | Lair:5   | Entered Level 5 of the Lair of Beasts
 24042 | Lair:5   | Reached skill level 16 in Dodging
 24755 | Lair:5   | Noticed a dire elephant
 25300 | Lair:5   | Noticed a fire dragon
 25716 | D:11     | Killed Fannar
 25919 | D:11     | Learned a level 1 spell: Apportation
 25996 | D:11     | Reached skill level 17 in Dodging
 26211 | D:11     | Found a white marble altar of Elyvilon.
 26293 | D:11     | Noticed Erica
 26326 | D:11     | Killed Erica
 26327 | D:11     | Reached XP level 14. HP: 33/70 MP: 25/29
 26820 | D:11     | Found a staircase to the Orcish Mines.
 26961 | Orc:1    | Entered Level 1 of the Orcish Mines
 27054 | Orc:1    | Found a runed translucent door.
 27195 | Orc:1    | Found Daig's Overcharged Wands.
 27372 | Orc:1    | Noticed liarliar's ghost (journeyman GnMo)
 27409 | Orc:1    | Noticed Sonja
 27415 | Orc:1    | Killed Sonja
 27525 | Orc:2    | Entered Level 2 of the Orcish Mines
 27880 | Orc:2    | Found Wiffyosch's Antique Weapon Emporium.
 28467 | Orc:2    | Found a staircase to the Elven Halls.
 29038 | Orc:2    | Reached skill level 18 in Dodging
 29351 | Orc:2    | Paralysed by an ogre mage for 4 turns
 29385 | Orc:2    | Bought a book of Beasts for 456 gold pieces
 29391 | Orc:2    | Learned a level 5 spell: Summon Mana Viper
 29396 | Orc:2    | Learned a level 4 spell: Summon Ice Beast
 29719 | Orc:2    | Found Zeomaep's Jewellery Shop.
 29719 | Orc:2    | Found Uxyvocsu's Book Emporium.
 29751 | Orc:2    | Found Zuonk's Weapon Emporium.
 29751 | Orc:2    | Found Simar's Antique Armour Boutique.
 29760 | Orc:2    | Bought an Inescapable Atlas for 476 gold pieces
 30421 | D:12     | Reached skill level 1 in Translocations
 30592 | D:12     | Reached skill level 1 in Transmutations
 30886 | D:12     | Found a frozen archway.
 31015 | D:13     | Found a radiant altar of Vehumet.
 31328 | D:13     | Learned a level 7 spell: Storm Form
 32058 | D:14     | Found a gate to the Vaults.
 32196 | Spider:1 | Entered Level 1 of the Spider Nest
 32584 | Spider:1 | Noticed Louise
 32608 | Spider:1 | Killed Louise
 33998 | Spider:2 | Reached XP level 15. HP: 28/76 MP: 18/30
 34005 | Spider:2 | Reached skill level 19 in Dodging
 34333 | Spider:2 | Slain by an entropy weaver
 34334 | Spider:2 | Reached XP level 14. HP: -1/72 MP: 17/29
 35268 | Spider:2 | You fall into a shaft and drop 1 floor!
 35269 | Spider:3 | Noticed Donald
 35277 | Spider:3 | Noticed a ghost moth
 35283 | Spider:3 | Noticed an emperor scorpion
 36118 | Spider:2 | Noticed an emperor scorpion
 36136 | Spider:2 | Killed an emperor scorpion
 36137 | Spider:2 | Reached skill level 15 in Fighting
 36325 | Spider:2 | Killed a ghost moth
 36326 | Spider:2 | Reached skill level 5 in Transmutations
 38418 | Elf:1    | Entered Level 1 of the Elven Halls
 38725 | Swamp:1  | Entered Level 1 of the Swamp
 38726 | Swamp:1  | Found a transporter.
 38734 | Swamp:1  | Noticed ChiefBigBeans's ghost (journeyman MiHu)
 38754 | Swamp:1  | Found a transporter.
 38825 | Swamp:1  | Reached skill level 10 in Hexes
 39156 | Swamp:1  | Constricted to death by a shambling mangrove
 39157 | Swamp:1  | Reached XP level 13. HP: -6/69 MP: 19/28
 39571 | Spider:3 | Noticed a broodmother
 39572 | Spider:3 | Noticed a ghost moth
 39975 | Spider:3 | Killed by an exploding themself... ignited by their inner
                  | flame

Illustrated notes

Levels and vault maps discovered:
D:1:      scummos_arrival_simple_fountains, layout_rooms, st_stairs_14,
          amcnicky_mini_rare_corridor_liquid
D:2:      layout_loops_ring, ebering_dispersal_statue_hall,
          corexii_hall_statues_x
D:3:      layout_loops_cross, mainiacjoe_overflow_tiny_flanked, bloody_makhleb,
          marbit_many_paths, serial_bayou_pond_c, grunt_ministairs_1,
          nicolae_underground_beach
D:4:      layout_basic, lemuel_zombie_altar_yredelemnul
D:5:      minmay_octagon_keep, layout_loops_cross,
          beargit_hepliaklqana_dungeon_heroes, minmay_temple_entry_junction,
          serial_shops, nicolae_shop_overgrown_old_shop,
          ebering_ghost_rock_garden
D:6:      layout_gridville, cheibrodos_worm_habitat,
          cheibrodos_sewer_entry_drain, uniq_menkaure, uniq_maggie, uniq_sigmund
D:7:      cheibrodos_iron_armory, layout_loops_corners,
          mainiacjoe_overflow_brackets, nicolae_uskayaw_dance_hall,
          roderic_serpentine_path
D:8:      layout_loops_ring, gammafunk_ghost_stat_death, serial_shops,
          kennysheep_mini
D:9:      layout_roguey, mainiacjoe_overflow_alcove_1, uniq_joseph
D:10:     layout_loops_ring, lair_entry_dummy, uniq_lodul, uniq_grum
D:11:     layout_loops_cross, orc_0_dummy, nicolae_elyvilon_temple_path,
          uniq_urug, uniq_erica, uniq_fannar
D:12:     layout_rooms, portal_ice_cave_demonic_guard, interstate_on_off
D:13:     layout_layer_cave, vehumet_statue
D:14:     minmay_box_of_curves, layout_rooms, david_vaults_3,
          kiku_gazebo_garden_becter, minmay_fractal_squares_5
Temple:   nicolae_temple_bog_church
Lair:1:   layout_cave_pods, minivault_11, uniq_gastronok, uniq_nergalle
Lair:2:   layout_concentric_octagons, minmay_swamp_entry_worms,
          gauntlet_entry_generic, eino_house_with_fridge
Lair:3:   layout_misc_corridors, spider_nest_entry_web_field
Lair:4:   wander_river, layout_cellular_growth, dpeg_slime_entry_corner,
          patterned_corridor, uniq_rupert
Lair:5:   hangedman_lair_in_review, layout_layer_cave, guppyfry_lair_end_dragon,
          grunt_forest_small_clearing_treed, infiniplex_staircase_pool
Swamp:1:  layout_basic_swamp, gammafunk_ghost_wrathful_warriors,
          serial_swamp_ruin, evilmike_swamp_ruin_house_4,
          evilmike_swamp_ruin_house_2, hangedman_swamp_ruin_wall, swamp_pool2
Spider:1: layout_spider_delve, uniq_louise
Spider:2: layout_chambers
Spider:3: layout_spider_delve, uniq_donald
Orc:1:    layout_diamond_mine, ebering_ghost_reflecting_pool,
          nicolae_shop_overcharged_wands, uniq_sonja
Orc:2:    st_orc_ogre_mass, layout_diamond_mine, serial_shops,
          nicolae_shop_behind_doors, mines1_david
Elf:1:    nicolae_elf_arrival_no_cutting_in_line, layout_loops_ring,
          serial_shops, nicolae_shop_temple_entry_statues_fountains,
          minivault_28, minmay_shop_grove, uniq_agnes, uniq_azrael

Skill      XL: |  1  2  3  4  5  6  7  8  9 10 11 12 13 14 15 |
---------------+----------------------------------------------+-----
Stealth        | 3 |  3.3
Dodging        | 3 4 5 6 7 9 10 11 14 17 18 19 | 19.0
Fighting       | 1 2 3 5 6 7 8 10 13 15 | 15.0
Spellcasting   | 3 4 5 6 7 8 10 | 10.0
Summonings     | 5 6 7 8 9 10 | 10.0
Hexes          | 2 4 5 10 7 | 10.0
Air Magic      | 1 3 5 6 7 9 |  9.1
Translocations | 3 |  3.3
Transmutations | 6 |  6.8

Action                   |  1- 3 |  4- 6 |  7- 9 | 10-12 | 13-15 || total
-------------------------+-------+-------+-------+-------+-------++-------
Melee: Unarmed           |    25 |    17 |    76 |    34 |   193 ||   345
       Bite              |     2 |     1 |    13 |     5 |    38 ||    59
       Punch             |       |       |       |     3 |     5 ||     8
 Cast: Summon Small Mamm |    51 |    34 |    54 |    20 |    26 ||   185
       Call Imp          |    17 |    13 |    29 |     8 |    19 ||    86
       Call Canine Famil |     9 |    24 |    52 |    34 |    70 ||   189
       Summon Guardian G |       |     1 |    48 |    62 |   158 ||   269
       Summon Lightning  |       |       |     7 |    54 |   165 ||   226
       Teleport Other    |       |       |       |     2 |       ||     2
       Summon Mana Viper |       |       |       |       |    66 ||    66
       Summon Ice Beast  |       |       |       |       |    14 ||    14
Invok: Potion Petition   |       |       |     1 |       |     3 ||     4
       Call Merchant     |       |       |       |     2 |     2 ||     4
Evoke: Wand              |       |       |     2 |    24 |    42 ||    68
       Phantom mirror    |       |       |       |       |     1 ||     1
  Use: Potion            |     1 |     1 |     1 |     5 |    14 ||    22
       Scroll            |     4 |     1 |     9 |    10 |    18 ||    42
 Stab: Sleeping          |     4 |     1 |     1 |       |     1 ||     7
       Fleeing           |       |       |     1 |       |       ||     1
       Distracted        |       |       |       |     2 |     5 ||     7
       Confused          |       |       |       |       |     2 ||     2
       Invisible         |       |       |       |       |     3 ||     3
Armor: Skin              |     4 |     3 |    12 |    12 |    44 ||    75
Dodge: Dodged            |    35 |    35 |   153 |    55 |   640 ||   918
